 Dungeon Crawl Stone Soup version 0.28.0-1-gb440e238dd (webtiles) character file.

Game seed: 16473665718303869462

56 lonewolfV2 the Covered (level 4, 0/35 HPs)
             Began as a Human Fighter on Feb 22, 2022.
             Slain by an orc priest (5 damage)
             ... on level 2 of the Dungeon.
             The game lasted 00:03:06 (1985 turns).

lonewolfV2 the Covered (Human Fighter)              Turns: 1985, Time: 00:03:08

Health: 0/35       AC:  4    Str: 20    XL:     4   Next: 15%
Magic:  4/4        EV: 11    Int:  8    God:
Gold:   52         SH:  4    Dex: 13    Spells: 3/3 levels left

rFire   . . .      SeeInvis .   a - +0 war axe
rCold   + . .      Faith    .   c - +0 buckler
rNeg    . . .      Spirit   .   h - +2 robe "Ifilyus" {rC+ Will+ Str+2}
rPois   .          Reflect  .   (no helmet)
rElec   .          Harm     .   (no cloak)
rCorr   .          Rampage  .   (no gloves)
Will    +....                   (no boots)
Stlth   +.........              (no amulet)
HPRegen 0.11/turn               (no ring)
MPRegen 0.09/turn               (no ring)

@: lethally poisoned (0 -> -7)
A: no striking features
a: no special abilities


You were on level 2 of the Dungeon.
You visited 1 branch of the dungeon, and saw 3 of its levels.

You collected 52 gold pieces.

Inventory:

Hand Weapons
 a - a +0 war axe (weapon)
Armour
 b - a +0 scale mail
 c - a +0 buckler (worn)
 h - the +2 robe "Ifilyus" (worn) {rC+ Will+ Str+2}
   (You found it on level 2 of the Dungeon)

   Str:       It affects your strength (+2).
   rC:        It protects you from cold.
   Will:      It increases your willpower.
Jewellery
 j - a ring of positive energy
 l - a ring of resist corrosion
Scrolls
 f - a scroll of holy word {unknown}
 i - a scroll of teleportation
 k - a scroll of immolation {unknown}
Potions
 d - a potion of might
 e - a potion of curing


   Skills:
 + Level 3.3 Fighting
 + Level 2.8 Axes
 + Level 3.6 Armour
 + Level 0.4 Dodging
 + Level 0.1 Stealth
 + Level 3.2 Shields


You had 3 spell levels left.
You didn't know any spells.
Your spell library contained the following spells:

 Spells                   Type           Power      Damage    Failure   Level
 Corpse Rot               Necr/Air       0%         N/A       65%         2
 Poisonous Vapours        Pois/Air       0%         N/A       65%         2


Dungeon Overview and Level Annotations

Branches:
Dungeon (3/15)

Altars:


Message History

The orc hits you with a +2 trident of venom.
You are poisoned.
You hit the orc priest.
The orc priest is lightly wounded.
You hit the orc.
You feel very sick.
The orc priest calls upon Beogh to heal the orc priest.
The orc priest's wounds heal themselves!
The orc priest looks braver for a moment.
The orc hits you but does no damage.
You barely miss the orc priest. You hit the orc. You slash the orc!
You kill the orc!
You feel sick. The orc priest barely misses you.
The orc hits you with a +2 trident of venom!
You are more poisoned.
The orc priest looks encouraged for a moment.
The orc priest barely misses you.
You feel very sick. You block the orc's attack.
The orc priest looks encouraged for a moment.
The orc priest hits you with a +0 mace.
* * * LOW HITPOINT WARNING * * *
You climb upwards.
* * * LOW HITPOINT WARNING * * *
You feel very sick.
There is a stone staircase leading down here.
It was a potion of curing.
You feel better.
The orc hits you with a +2 trident of venom.
* * * LOW HITPOINT WARNING * * *
You are lethally poisoned!
The orc priest barely misses you.
The orc priest hits you but does no damage.
It was a potion of magic.
Magic courses through your body.
* * * LOW HITPOINT WARNING * * *
You feel very sick. The orc closely misses you.
The orc priest hits you with a +0 short sword.
* * * LOW HITPOINT WARNING * * *
The orc priest hits you with a +0 mace.
You die...

......###.# ####......# #.##
.....###..# #......# #.## .....#
#.## #......# #.#. .....# #.#
#.#....# #...
.....###.########.##...# ###.
..............^...##...#########.
.....###.#######..............##.
.....# #.# ##o.####..#####....
###### #.# #o@###.........###.
#.# #o## #.........# #.
#.######.# #....[....# #.
#........# #..<......# #.
########## ########### ## #


You could see 2 orc priests and an orc.

Vanquished Creatures
  A worm (D:2)
  An orc (D:3)
  4 ball pythons
  6 endoplasms
  2 giant cockroaches (D:1)
  5 hobgoblins
  2 quokkas
  6 bats
  6 frilled lizards
  6 goblins
  6 kobolds
  3 rats
48 creatures vanquished.

Notes
Turn   | Place    | Note
-------+----------+-------------------------------------------
     0 | D:1      | lonewolfV2 the Human Fighter began the quest for the Orb.
     0 | D:1      | Reached XP level 1. HP: 18/18 MP: 1/1
   130 | D:1      | Reached XP level 2. HP: 24/24 MP: 2/2
   485 | D:1      | Reached XP level 3. HP: 29/29 MP: 3/3
  1475 | D:2      | Found a faded altar of an unknown god.
  1493 | D:2      | Identified the +2 robe "Ifilyus" {rC+ Will+ Str+2}
  1784 | D:2      | Reached XP level 4. HP: 35/35 MP: 4/4
  1985 | D:2      | Slain by an orc priest

Illustrated notes

Levels and vault maps discovered:
D:1:      minmay_arrival_wavy_path, layout_basic
D:2:      layout_rooms, chequers_ecumenical_altar_island
D:3:      layout_basic, serial_shops, shop, nicolae_shop_behind_doors, shop,
          nicolae_shop_bloodbath_and_beyond, grunt_ministairs_1

Action                   |  1- 3 |  4- 6 || total
-------------------------+-------+-------++-------
Melee: War axe           |   103 |    12 ||   115
  Use: Scroll            |     1 |       ||     1
       Potion            |       |     2 ||     2
Armor: Scale mail        |    39 |       ||    39
       Robe              |    11 |     4 ||    15
Dodge: Dodged            |    51 |    14 ||    65
Block: Buckler           |    29 |     7 ||    36
